3AAA
SANTA BARBARA GOLDEN CRANES @ SIOUX FALLS RED PANDAS
07/31/2028
 
TOP OF THE 1ST
Santa Barbara Golden Cranes batting - Pitching for Sioux Falls Red Pandas : RHP Jesús Martínez
Pitching: RHP Jesús Martínez
Batting: RHB Daniel Maldonado 0-0: Foul Ball, location: 2F
0-1: Reached on error, E6 (Groundball, 56)
Batting: RHB Arsenio Laurel 0-0: Swinging Strike
0-1: Ball
1-1: Ball
2-1: DOUBLE (Line Drive, 78D)
Daniel Maldonado to third
Batting: RHB Gilbert Graham 0-0: Swinging Strike
0-1: Ball
1-1: Foul Ball, location: 2F
1-2: SINGLE (Groundball, 56D)
Daniel Maldonado scores
Arsenio Laurel to third
Batting: SHB Glyn Bolasky 0-0: Ball
1-0: Foul Ball, location: 2F
1-1: Ball
2-1: Ball
3-1: Called Strike
3-2: Base on Balls
Gilbert Graham to second
Batting: RHB Logan Manning 0-0: Ball
1-0: Foul Ball, location: 2F
1-1: Ball
2-1: Swinging Strike
2-2: Foul Ball, location: 2F
2-2: Ball
3-2: Foul Ball, location: 2F
3-2: Strikes out swinging
Batting: RHB Ed St. James 0-0: Ball
1-0: Ball
2-0: Foul Ball, location: 2F
2-1: Fly out, F8 (Flyball, 8LM)
Runner from 3rd tags up, SCORES, no throw
Batting: LHB Carl Gore 0-0: Swinging Strike
0-1: Swinging Strike
0-2: Foul Ball, location: 2F
0-2: Foul Ball, location: 2F
0-2: SINGLE (Flyball, 89S)
Gilbert Graham to third
Glyn Bolasky to second
Runner from 3rd tries for Home, SAFE, no throw
Batting: RHB Salvador Noriega 0-0: Foul Ball, location: 2F
0-1: Called Strike
0-2: Fielders Choice at 2nd, 6-4 (Groundball, 6)
Top of the 1st over - 3 run(s), 3 hit(s), 1 error(s), 1 left on base; Santa Barbara 3 - Sioux Falls 0
BOTTOM OF THE 1ST
Sioux Falls Red Pandas batting - Pitching for Santa Barbara Golden Cranes : RHP Joey McCarthy
Pitching: RHP Joey McCarthy
Batting: SHB Raúl Duarte 0-0: Swinging Strike
0-1: Fly out, F8 (Flyball, 8LM)
Batting: RHB Alfredo Chávez 0-0: Called Strike
0-1: Ball
1-1: Swinging Strike
1-2: Ball
2-2: Foul Ball, location: 2F
2-2: Strikes out swinging
Batting: LHB Magali Lenidas 0-0: Called Strike
0-1: Ball
1-1: Swinging Strike
1-2: Ball
2-2: Ball
3-2: SINGLE (Groundball, 34D)
Batting: RHB Alan Rosales 0-0: Ball
1-0: Foul Ball, location: 2F
1-1: Ball
2-1: Foul Ball, location: 2F
2-2: Ball
3-2: Ground out 6-3 (Groundball, 6)
Bottom of the 1st over - 0 run(s), 1 hit(s), 0 error(s), 1 left on base; Santa Barbara 3 - Sioux Falls 0
TOP OF THE 2ND
Santa Barbara Golden Cranes batting - Pitching for Sioux Falls Red Pandas : RHP Jesús Martínez
Batting: RHB Ángel López 0-0: Foul Ball, location: 2F
0-1: Ball
1-1: Called Strike
1-2: Foul Ball, location: 2F
1-2: Ball
2-2: Strikes out looking
Batting: RHB Daniel Maldonado 0-0: Called Strike
0-1: Swinging Strike
0-2: Foul Ball, location: 2F
0-2: Ball
1-2: Strikes out swinging
Batting: RHB Arsenio Laurel 0-0: Called Strike
0-1: Ball
1-1: Fly out, F7 (Flyball, 7)
Top of the 2nd over - 0 run(s), 0 hit(s), 0 error(s), 0 left on base; Santa Barbara 3 - Sioux Falls 0
BOTTOM OF THE 2ND
Sioux Falls Red Pandas batting - Pitching for Santa Barbara Golden Cranes : RHP Joey McCarthy
Batting: LHB Toyokazu Asano 0-0: Ground out 4-3 (Groundball, 4)
Batting: RHB Yoshifumi Sato 0-0: Ball
1-0: Ball
2-0: Ball
3-0: Base on Balls
Batting: RHB Jon Erickson 0-0: Ball
1-0: Ball
2-0: Called Strike
2-1: Foul Ball, location: 2F
2-2: Grounds into double play, 4-6-3 (Groundball, 4)
Bottom of the 2nd over - 0 run(s), 0 hit(s), 0 error(s), 0 left on base; Santa Barbara 3 - Sioux Falls 0
TOP OF THE 3RD
Santa Barbara Golden Cranes batting - Pitching for Sioux Falls Red Pandas : RHP Jesús Martínez
Batting: RHB Gilbert Graham 0-0: Called Strike
0-1: Ball
1-1: SINGLE (Line Drive, 9LS)
Batting: SHB Glyn Bolasky 0-0: Ball
1-0: Ball
2-0: Called Strike
2-1: Ball
3-1: Base on Balls
Gilbert Graham to second
Batting: RHB Logan Manning 0-0: Fly out, F3 (Popup, 3D)
Batting: RHB Ed St. James 0-0: Swinging Strike
0-1: SINGLE (Line Drive, 8RS)
Gilbert Graham to third
Glyn Bolasky to second
Runner from 3rd tries for Home, SAFE, no throw
Batting: LHB Carl Gore 0-0: Ball
Passed Ball!
Glyn Bolasky to third
Ed St. James to second
1-0: Called Strike
1-1: Foul Ball, location: 2F
1-2: Foul Ball, location: 2F
1-2: Strikes out swinging
Batting: RHB Salvador Noriega 0-0: Ball
1-0: Foul Ball, location: 2F
1-1: Foul Ball, location: 2F
1-2: Ball
2-2: Fly out, F6 (Line Drive, 6)
Top of the 3rd over - 1 run(s), 2 hit(s), 0 error(s), 2 left on base; Santa Barbara 4 - Sioux Falls 0
BOTTOM OF THE 3RD
Sioux Falls Red Pandas batting - Pitching for Santa Barbara Golden Cranes : RHP Joey McCarthy
Batting: RHB Mark Allen 0-0: Foul Ball, location: 2F
0-1: Ball
1-1: Ball
2-1: Ball
3-1: Fly out, F9 (Flyball, 9S)
Batting: RHB Jorge Díaz 0-0: Foul Ball, location: 2F
0-1: Foul Ball, location: 2F
0-2: Fly out, F9 (Flyball, 9LSF)
Batting: SHB Raúl Duarte 0-0: Ball
1-0: Ground out 6-3 (Groundball, 6MD)
Bottom of the 3rd over - 0 run(s), 0 hit(s), 0 error(s), 0 left on base; Santa Barbara 4 - Sioux Falls 0
TOP OF THE 4TH
Santa Barbara Golden Cranes batting - Pitching for Sioux Falls Red Pandas : RHP Jesús Martínez
Batting: RHB Ángel López 0-0: Ball
1-0: Called Strike
1-1: Ball
2-1: Fly out, F8 (Flyball, 89D)
Batting: RHB Daniel Maldonado 0-0: SINGLE (Line Drive, 9S)
Batting: RHB Arsenio Laurel 0-0: Ball
1-0: Ball
2-0: Fielders Choice at 2nd, 6-4 (Groundball, 6)
Batting: RHB Gilbert Graham 0-0: Ball
1-0: Swinging Strike
1-1: Foul Ball, location: 2F
1-2: Strikes out looking
Top of the 4th over - 0 run(s), 1 hit(s), 0 error(s), 1 left on base; Santa Barbara 4 - Sioux Falls 0
BOTTOM OF THE 4TH
Sioux Falls Red Pandas batting - Pitching for Santa Barbara Golden Cranes : RHP Joey McCarthy
Batting: RHB Alfredo Chávez 0-0: Called Strike
0-1: Foul Ball, location: 2F
0-2: Ball
1-2: Ball
2-2: Ball
3-2: Strikes out swinging
Batting: LHB Magali Lenidas 0-0: Called Strike
0-1: Foul Ball, location: 2F
0-2: Ball
1-2: Ball
2-2: Ball
3-2: Strikes out swinging
Batting: RHB Alan Rosales 0-0: Ball
1-0: Called Strike
1-1: Ball
2-1: Fly out, F4 (Popup, 3D)
Bottom of the 4th over - 0 run(s), 0 hit(s), 0 error(s), 0 left on base; Santa Barbara 4 - Sioux Falls 0
TOP OF THE 5TH
Santa Barbara Golden Cranes batting - Pitching for Sioux Falls Red Pandas : RHP Jesús Martínez
Batting: SHB Glyn Bolasky 0-0: Called Strike
0-1: Ball
1-1: Swinging Strike
1-2: Ball
2-2: Foul Ball, location: 2F
2-2: Foul Ball, location: 2F
2-2: Ball
3-2: Base on Balls
Pitching: RHP Wyatt Meek
Batting: RHB Logan Manning 0-0: Ball
1-0: Called Strike
Glyn Bolasky is caught stealing 2nd base
1-1: Called Strike
1-2: Strikes out swinging
Batting: RHB Ed St. James 0-0: Ground out 3-1 (Groundball, 34)
Top of the 5th over - 0 run(s), 0 hit(s), 0 error(s), 0 left on base; Santa Barbara 4 - Sioux Falls 0
BOTTOM OF THE 5TH
Sioux Falls Red Pandas batting - Pitching for Santa Barbara Golden Cranes : RHP Joey McCarthy
Batting: LHB Toyokazu Asano 0-0: Ball
1-0: Called Strike
1-1: Foul Ball, location: 2F
1-2: Fly out, F8 (Flyball, 8LM)
Batting: RHB Yoshifumi Sato 0-0: Ball
1-0: Swinging Strike
1-1: Ball
2-1: Foul Ball, location: 2F
2-2: Ball
3-2: Base on Balls
Batting: RHB Jon Erickson 0-0: Ground out 5-3 (Groundball, 56S)
Yoshifumi Sato to second
Batting: RHB Mark Allen 0-0: Ball
1-0: Swinging Strike
1-1: Foul Ball, location: 2F
1-2: Fly out, F9 (Line Drive, 9S)
Bottom of the 5th over - 0 run(s), 0 hit(s), 0 error(s), 1 left on base; Santa Barbara 4 - Sioux Falls 0
TOP OF THE 6TH
Santa Barbara Golden Cranes batting - Pitching for Sioux Falls Red Pandas : RHP Wyatt Meek
Batting: LHB Carl Gore 0-0: Ball
1-0: Called Strike
1-1: Foul Ball, location: 2F
1-2: Ball
2-2: Ball
3-2: Base on Balls
Batting: RHB Salvador Noriega 0-0: Bunted foul
0-1: Bunted foul
0-2: Foul Ball, location: 2F
0-2: Ball
1-2: Ground out 6-3 (Groundball, 6S)
Carl Gore to second
Batting: RHB Ángel López 0-0: Ball
1-0: Ball
Wild Pitch!
Carl Gore to third
2-0: Ball
3-0: Base on Balls
Batting: RHB Daniel Maldonado 0-0: Ball
1-0: Called Strike
Ángel López is caught stealing 2nd base
1-1: Swinging Strike
1-2: Foul Ball, location: 2F
1-2: Ball
2-2: DOUBLE (Flyball, 89D)
Carl Gore scores
Batting: RHB Arsenio Laurel 0-0: Ball
1-0: Swinging Strike
1-1: Ball
2-1: Fly out, F7 (Line Drive, 7S)
Top of the 6th over - 1 run(s), 1 hit(s), 0 error(s), 1 left on base; Santa Barbara 5 - Sioux Falls 0
BOTTOM OF THE 6TH
Sioux Falls Red Pandas batting - Pitching for Santa Barbara Golden Cranes : RHP Joey McCarthy
Batting: RHB Jorge Díaz 0-0: Swinging Strike
0-1: Foul Ball, location: 2F
0-2: Ball
1-2: Ball
2-2: Foul Ball, location: 2F
2-2: Foul Ball, location: 2F
2-2: Ball
3-2: Ground out 5-3 (Groundball, 5L)
Batting: SHB Raúl Duarte 0-0: Foul Ball, location: 2F
0-1: Swinging Strike
0-2: Ball
1-2: Ball
2-2: SINGLE (Line Drive, 8RS)
Batting: RHB Alfredo Chávez 0-0: Ball
1-0: Swinging Strike
1-1: Ball
2-1: Foul Ball, location: 2F
2-2: Fly out, F8 (Flyball, 8LM)
Batting: LHB Magali Lenidas 0-0: Called Strike
0-1: Ball
1-1: Ground out 6-3 (Groundball, 6M)
Bottom of the 6th over - 0 run(s), 1 hit(s), 0 error(s), 1 left on base; Santa Barbara 5 - Sioux Falls 0
TOP OF THE 7TH
Santa Barbara Golden Cranes batting - Pitching for Sioux Falls Red Pandas : RHP Wyatt Meek
Pitching: RHP Burt Booth
Batting: RHB Gilbert Graham 0-0: Fly out, F5 (Line Drive, 56)
Batting: SHB Glyn Bolasky 0-0: Fly out, F6 (Popup, 5D)
Batting: RHB Logan Manning 0-0: Ball
1-0: Foul Ball, location: 2F
1-1: Fly out, F9 (Flyball, 9)
Top of the 7th over - 0 run(s), 0 hit(s), 0 error(s), 0 left on base; Santa Barbara 5 - Sioux Falls 0
BOTTOM OF THE 7TH
Sioux Falls Red Pandas batting - Pitching for Santa Barbara Golden Cranes : RHP Joey McCarthy
Now at SS: Manny Rosário
Batting: RHB Alan Rosales 0-0: Ball
1-0: Called Strike
1-1: Ball
2-1: Swinging Strike
2-2: Ball
3-2: Ground out 4-3 (Groundball, 4)
Batting: LHB Toyokazu Asano 0-0: Fly out, F2 (Popup, 25)
Batting: RHB Yoshifumi Sato 0-0: Ball
1-0: Swinging Strike
1-1: Called Strike
1-2: Ball
2-2: Ground out 6-3 (Groundball, 6)
Bottom of the 7th over - 0 run(s), 0 hit(s), 0 error(s), 0 left on base; Santa Barbara 5 - Sioux Falls 0
TOP OF THE 8TH
Santa Barbara Golden Cranes batting - Pitching for Sioux Falls Red Pandas : RHP Burt Booth
Batting: LHB Manny Rosário 0-0: Ball
1-0: Foul Ball, location: 2F
1-1: Fly out, F4 (Popup, 3D)
Batting: LHB Carl Gore 0-0: Called Strike
0-1: Ground out 3-1 (Groundball, 34)
Batting: RHB Salvador Noriega 0-0: Called Strike
0-1: Ball
1-1: Foul Ball, location: 2F
1-2: Foul Ball, location: 2F
1-2: Foul Ball, location: 2F
1-2: Fly out, F8 (Flyball, 8RM)
Top of the 8th over - 0 run(s), 0 hit(s), 0 error(s), 0 left on base; Santa Barbara 5 - Sioux Falls 0
BOTTOM OF THE 8TH
Sioux Falls Red Pandas batting - Pitching for Santa Barbara Golden Cranes : RHP Joey McCarthy
Batting: RHB Jon Erickson 0-0: Ground out 5-3 (Groundball, 5L)
Batting: RHB Mark Allen 0-0: Ball
1-0: Called Strike
1-1: Swinging Strike
1-2: Strikes out swinging
Batting: RHB Jorge Díaz 0-0: Ball
1-0: Ground out 4-3 (Groundball, 4)
Bottom of the 8th over - 0 run(s), 0 hit(s), 0 error(s), 0 left on base; Santa Barbara 5 - Sioux Falls 0
TOP OF THE 9TH
Santa Barbara Golden Cranes batting - Pitching for Sioux Falls Red Pandas : RHP Burt Booth
Batting: RHB Ángel López 0-0: Called Strike
0-1: Ball
1-1: Ball
2-1: Ball
3-1: SINGLE (Line Drive, 6MD)
Batting: RHB Daniel Maldonado 0-0: Ball
1-0: Ball
2-0: DOUBLE (Flyball, 78M)
Ángel López to third
Batting: RHB Arsenio Laurel 0-0: Ball
1-0: Ball
2-0: Ball
3-0: Called Strike
3-1: Swinging Strike
3-2: Foul Ball, location: 2F
3-2: Fly out, F7 (Line Drive, 78M)
Runner from 3rd tags up, SCORES, no throw
Batting: RHB Gilbert Graham 0-0: Ball
1-0: Ball
Daniel Maldonado is caught stealing 3rd base
2-0: Ball
3-0: Called Strike
3-1: Base on Balls
Batting: SHB Glyn Bolasky 0-0: Ball
1-0: Fielders Choice at 2nd, 5-4 (Groundball, 56)
Top of the 9th over - 1 run(s), 2 hit(s), 0 error(s), 0 left on base; Santa Barbara 6 - Sioux Falls 0
BOTTOM OF THE 9TH
Sioux Falls Red Pandas batting - Pitching for Santa Barbara Golden Cranes : RHP Joey McCarthy
Now in LF: Christian Turner
Batting: SHB Raúl Duarte 0-0: Called Strike
0-1: Ball
1-1: Foul Ball, location: 2F
1-2: Ball
2-2: Foul Ball, location: 2F
2-2: Foul Ball, location: 2F
2-2: Ball
3-2: Ground out 5-3 (Groundball, 56S)
Pitching: RHP Alfredo Martínez
Batting: RHB Alfredo Chávez 0-0: Called Strike
0-1: Called Strike
0-2: Ball
1-2: Ball
2-2: Ground out 5-3 (Groundball, 56S)
Batting: LHB Magali Lenidas 0-0: Ball
1-0: Ball
2-0: Foul Ball, location: 2F
2-1: Foul Ball, location: 2F
2-2: Hit by Pitch
Pinch Runner at 1st Nathan Landrum:
Batting: RHB Alan Rosales 0-0: Fly out, F8 (Flyball, 8RXD)
Bottom of the 9th over - 0 run(s), 0 hit(s), 0 error(s), 1 left on base; Santa Barbara 6 - Sioux Falls 0
Monday, August 21st, 2017 - OOTP Baseball 17.12 Build 75